 Dungeon Sprint DCSS version 0.30-a0-956-gcec3b41aec (webtiles) character file.

Game seed: 11984826011491909366

16 sircluck the Chopper (level 2, -2/29 HPs)
             Began as a Hill Orc Berserker on Mar 29, 2023.
             Was an Elder of Trog.
             Succumbed to an orc wizard's poison
             ... in the Dungeon (Sprint VII: "The Pits").
             The game lasted 00:01:26 (129 turns).

sircluck the Chopper (Hill Orc Berserker)            Turns: 129, Time: 00:01:27

Health: -2/29      AC:  2    Str: 19    XL:     2   Next: 54%
Magic:  2/2        EV: 12    Int:  7    God:    Trog [****..]
Gold:   0          SH:  0    Dex: 10    Spells: 1/1 levels left

rFire   . . .      SeeInvis .    a - +0 hand axe
rCold   . . .      Faith    .    (no shield)
rNeg    . . .      Spirit   .    b - +0 animal skin
rPois   .          Reflect  .    (no helmet)
rElec   .          Rampage  .    (no cloak)
rCorr   .          NoTele   +    (no gloves)
Will    .....                    (no boots)
Stlth   +                        (no amulet)
HPRegen 0.24/turn                (no ring)
MPRegen 0.08/turn                (no ring)

@: lethally poisoned (-2 -> -32), on berserk cooldown, slowed, very slow
A: no striking features
a: Renounce Religion, Berserk, Trog's Hand, Brothers in Arms


You were in the Dungeon.
You worshipped Trog.
Trog was greatly pleased with you.
You visited 1 branch

Inventory:

Hand Weapons
 a - a +0 hand axe (weapon)
 i - a +2 hand axe
 j - a +2 mace
Missiles
 o - 10 stones (quivered)
Armour
 b - a +0 animal skin (worn)
Scrolls
 h - a scroll of blinking
 l - a scroll of butterflies
 m - 5 scrolls of amnesia
 n - 2 scrolls of vulnerability
Potions
 e - a potion of haste
 f - 4 potions of magic
 g - 3 potions of berserk rage
 k - 2 potions of invisibility


   Skills:
 + Level 5.1 Fighting
 + Level 5.9 Axes
 + Level 2.6 Armour
 + Level 2.0 Dodging


You had one spell level left.
You didn't know any spells.
Your spell library was empty.

Dungeon Overview and Level Annotations

Branches:
Dungeon (1/1)

Altars:
Ashenzari
Cheibriados
Dithmenos
Elyvilon
Fedhas
Gozag
Hepliaklqana
Kikubaaqudgha
Makhleb
Nemelex Xobeh
Okawaru
Qazlal
Ru
Sif Muna
Trog
Uskayaw
Vehumet
Wu Jian
Xom
Yredelemnul
Zin
The Shining One
Beogh
Jiyva
Lugonu


Message History

You are poisoned.
The orc wizard hits you but does no damage.
You feel less confused.
You feel sick.
The orc wizard hits you with a +0 dagger.
Something hits you but does no damage.
You are more poisoned.
Something hits you.
You are lethally poisoned!
The orc wizard hits you but does no damage.
You hit the orc wizard.
The orc wizard is heavily wounded.
You hit something but do no damage.
You feel extremely sick. Something hits you.
* * * LOW HITPOINT WARNING * * *
You are more poisoned.
The orc wizard closely misses you.
You feel better.
The orc wizard hits you with a +0 dagger.
Something hits you.
You are poisoned.
Something hits you.
* * * LOW HITPOINT WARNING * * *
You are more poisoned.
The orc wizard closely misses you.
You feel much better.
You feel extremely sick.
The orc wizard gestures wildly while chanting.
The orc wizard flickers and vanishes!
Something hits you.
You miss something. x2
You feel very sick. Something hits you.
You are lethally poisoned!
Something hits you but does no damage. Something hits you.
You are more poisoned.
Something hits you.
* * * LOW HITPOINT WARNING * * *
You slash something! You hit something.
You die...

#....').)'.##......#..#....
##########.##..............
#..........)'..............
+#####'#####......#..#....
#..#†.#..##..............
#..'..)..#####'#####++###
##+####'###.......#
#.....)).##.......#
#......{@##.......#
#####+#####...<...#
#.......# #.......#
#.......# #########


There were no monsters in sight!

Vanquished Creatures
  2 orcs (D)
  An endoplasm (D)
  A giant cockroach (D)
  A goblin (D)
  2 jackals (D)
  A kobold (D)
  A quokka (D)
  A frilled lizard (D)
  A quokka zombie (D)
  A rat (D)
12 creatures vanquished.

Notes
Turn   | Place    | Note
-------+----------+-------------------------------------------
     0 | D        | sircluck the Hill Orc Berserker began the quest for the
                  | Orb.
     0 | D        | Reached XP level 1. HP: 19/19 MP: 1/1
    65 | D        | Found a bloodstained altar of Trog.
    65 | D        | Found a shimmering blue altar of Sif Muna.
    65 | D        | Found a viscous altar of Jiyva.
    65 | D        | Found a hazy altar of Hepliaklqana.
    65 | D        | Found an opulent altar of Gozag.
    66 | D        | Found a glowing golden altar of the Shining One.
    66 | D        | Found a glowing silver altar of Zin.
    66 | D        | Found a basalt altar of Yredelemnul.
    66 | D        | Found a shimmering altar of Xom.
    66 | D        | Found an ornate altar of the Wu Jian Council.
    66 | D        | Found a sacrificial altar of Ru.
    66 | D        | Found a stormy altar of Qazlal.
    66 | D        | Found an iron altar of Okawaru.
    66 | D        | Found a sparkling altar of Nemelex Xobeh.
    66 | D        | Found a burning altar of Makhleb.
    66 | D        | Found a blossoming altar of Fedhas.
    66 | D        | Found a white marble altar of Elyvilon.
    66 | D        | Found a shadowy altar of Dithmenos.
    66 | D        | Found a snail-covered altar of Cheibriados.
    67 | D        | Found a radiant altar of Vehumet.
    67 | D        | Found a corrupted altar of Lugonu.
    67 | D        | Found a roughly hewn altar of Beogh.
    68 | D        | Found an ancient bone altar of Kikubaaqudgha.
    68 | D        | Found a hide-covered altar of Uskayaw.
    68 | D        | Found a broken altar of Ashenzari.
    88 | D        | Reached ** piety under Trog
    96 | D        | Reached skill level 5 in Axes
   103 | D        | Reached XP level 2. HP: 26/28 MP: 2/2
   106 | D        | Reached *** piety under Trog
   116 | D        | Reached **** piety under Trog
   117 | D        | Reached skill level 5 in Fighting
   129 | D        | Succumbed to an orc wizard's poison

Illustrated notes

Levels and vault maps discovered:
D:        pitsprint [storerooms_1, entrance_room_1, metal_vault_4, armoury_3,
          mini_pit_1, grid_room_1, main_hall_1, silver_pit, the_coven_1,
          the_vestibule_1, steel_vault_3, golden_pit, hallway_of_sentries,
          crystal_vault_4, iron_vault_2, final_vault]

Skill      XL: |  1  2 |
---------------+-------+-----
Fighting       | 4 5 |  5.1
Axes           | 5 |  5.9
Dodging        | 2 |  2.0
Armour         | |  2.6

Action                     || total
---------------------------++-------
  Melee: Hand axe          ||    30
 Invoke: Berserk           ||     1
    Use: Potion            ||     2
 Armour: Animal skin       ||     9
  Dodge: Dodged            ||    23

Table legend: (Time is in decaauts)
 A = Elapsed time spent in this place.
 B = Non-inter-level travel time spent in this place.
 C = Inter-level travel time spent in this place.
 D = Time resting spent in this place.
 E = Time spent auto-exploring this place.
 F = Levels seen in this place.
 G = Mean time per level.
                   A        B        C        D        E       F      G
               +--------+--------+--------+--------+--------+-----+--------+
         Total |    130 |     73 |     57 |      0 |      0 |   1 |  130.0 |
       Dungeon |    130 |     73 |     57 |      0 |      0 |   1 |  130.0 |
               +--------+--------+--------+--------+--------+-----+--------+

Top non-repeatable levels by time:
       D: 130 daAuts
